 Dungeon Crawl Stone Soup version 0.23-a0-183-gf37f6fb (webtiles) character file.

226 namelastname112 the Sneak (level 5, 0/45 HPs)
             Began as a Draconian Assassin on Sept 21, 2018.
             Killed from afar by Tovarisch's ghost (3 damage)
             ... with a puff of frost
             ... on level 3 of the Dungeon.
             The game lasted 00:05:27 (2987 turns).

namelastname112 the Sneak (Draconian Assassin)      Turns: 2987, Time: 00:05:28

Health: 0/45       AC:  6    Str: 13    XL:     5   Next: 69%
Magic:  5/5        EV: 12    Int: 12    God:
Gold:   134        SH:  0    Dex: 13    Spells: 4/4 levels left

rFire    . . .     SeeInvis .   j - +3 short sword
rCold    . . .     Gourm    .   (no shield)
rNeg     . . .     Faith    .   (armour unavailable)
rPois    .         Spirit   .   (helmet restricted)
rElec    .         Reflect  .   c - +0 cloak
rCorr    .         Harm     .   (no gloves)
MR       .....                  (no boots)
Stlth    +++.......             (no amulet)
HPRegen  0.15/turn              (no ring)
MPRegen  0.09/turn              (no ring)

@: no status effects
A: unfitting armour, cold-blooded, AC +5
a: no special abilities


You were on level 3 of the Dungeon.
You were hungry.

You visited 1 branch of the dungeon, and saw 3 of its levels.

You collected 134 gold pieces.

Inventory:

Hand Weapons
 b - a +0 blowgun
 j - a +3 short sword (weapon)
Missiles
 d - 8 poisoned needles
 e - 2 curare-tipped needles
Armour
 c - a +0 cloak (worn)
Jewellery
 q - an uncursed ring of positive energy {unknown}
Wands
 m - a wand of disintegration (14)
Scrolls
 a - a scroll of blinking {unknown}
 h - 5 scrolls of identify {unknown}
 i - 3 scrolls of magic mapping {unknown}
 k - 2 scrolls of teleportation {unknown}
 n - 2 scrolls of remove curse {unknown}
 r - a scroll of enchant armour {unknown}
Potions
 g - 2 potions of brilliance
 l - a potion of mutation {unknown}
 o - a potion of ambrosia {unknown}
Comestibles
 f - 7 rations


   Skills:
 + Level 3.1 Fighting
 * Level 3.4 Short Blades
 + Level 2.5 Throwing
 + Level 1.9 Dodging
 * Level 4.9 Stealth


You had 4 spell levels left.
You didn't know any spells.
Your spell library was empty.

Dungeon Overview and Level Annotations

Branches:
Dungeon (3/15)

Altars:

Annotations:
D:3 Tovarisch's ghost, amateur OpIE


Innate Abilities, Weirdness & Mutations

Your plain brown scales are hard. (AC +5)
You cannot fit into any form of body armour.
You are cold-blooded and may be slowed by cold attacks.


Message History

* * * LOW HITPOINT WARNING * * *
You take 5 damage, and have 8/45 hp.
You closely miss Tovarisch's ghost.
Tovarisch's ghost is severely damaged.
You miss Tovarisch's ghost.
Tovarisch's ghost is severely damaged.
Tovarisch's ghost casts a spell at you.
You are frozen.
* * * LOW HITPOINT WARNING * * *
You feel yourself slow down.
You take 4 damage, and have 5/45 hp.
It was a potion of cancellation.
Your magical effects are unravelling.
You feel magically purged.
You feel yourself speed up. Tovarisch's ghost hits you.
* * * LOW HITPOINT WARNING * * *
Tovarisch's ghost stares at you and mumbles some strange words.
The puff of frost hits you!
You die...

...## #.# #.# .(.# #.# #.#
#### #.# #.# ### #.###.##
##.#####.##.#.##
#######.#......#.###.#
#......###.######.#..#
#####.#####.#.......##.#.#
.......# ##.#..@.#.####.#
#####..# #####W##.# #.#
#..# #.(.#.# #.# #..#
#P8P#.## #.# ### #..#
#####..# #.# ..# #..#
#.#.# #.# #.###..#
###.#.###.# #......#
######.........# #.)###.#
#........#.###.#


You could see Tovarisch's ghost.

Vanquished Creatures
  An orc priest (D:3)
  A worker ant (D:2)
  4 adders
  A dart slug (D:1)
  3 worms
  6 leopard geckos
  9 orcs (D:3)
  A ball python (D:3)
  9 bats
  9 giant cockroaches
  7 goblins
  13 hobgoblins
  14 jackals
  9 kobolds
  A quokka (D:2)
  A frilled lizard (D:1)
  A quokka skeleton (D:2)
  12 rats
102 creatures vanquished.

Notes
Turn   | Place    | Note
-------+----------+-------------------------------------------
     0 | D:1      | namelastname112 the Draconian Assassin began the quest for
                  | the Orb.
     0 | D:1      | Reached XP level 1. HP: 17/17 MP: 1/1
    97 | D:1      | Reached skill level 1 in Dodging
   134 | D:1      | Reached XP level 2. HP: 20/24 MP: 2/2
   235 | D:1      | Reached skill level 4 in Stealth
   901 | D:1      | Reached XP level 3. HP: 30/30 MP: 3/3
  1146 | D:2      | Reached XP level 4. HP: 37/37 MP: 4/4
  2003 | D:3      | Reached XP level 5. HP: 13/44 MP: 5/5
  2732 | D:3      | Found a runed door.
  2732 | D:3      | Noticed Tovarisch's ghost (amateur OpIE)
  2987 | D:3      | Killed from afar by Tovarisch's ghost

Vault maps used:
D:1:      nicolae_arrival_washed_ashore
D:2:      first_ration, serial_curves, eino_curves_03, eino_curves_04,
          patterned_corridor
D:3:      gammafunk_ghost_grave, kennysheep_nub

Skill      XL: |  1  2  3  4  5 |
---------------+----------------+-----
Dodging        | 1 |  1.9
Stealth        | 4 |  4.9
Throwing       | 2 |  2.5
Short Blades   | 3 |  3.4
Fighting       | 3 |  3.1

Action                   |  1- 3 |  4- 6 || total
-------------------------+-------+-------++-------
Melee: Dagger            |    51 |       ||    51
       Tailslap          |     5 |    25 ||    30
       Short sword       |    41 |   216 ||   257
  Use: Potion            |       |     4 ||     4
 Stab: Sleeping          |     9 |     9 ||    18
  Eat: Chunk             |     1 |     5 ||     6
Armor: Skin              |    38 |    89 ||   127
Dodge: Dodged            |    33 |   154 ||   187

Table legend:
 A = Non-vault XP
 B = Vault XP
 C = Vault XP percentage of total XP
 D = Non-vault monster count
 E = Vault monster count
 F = Vault count percentage of total count
                 A         B        C        D         E       F
            +---------+---------+-------+---------+---------+-------
      Total |     323 |       0 |   0.0 |     102 |       0 |   0.0
            +---------+---------+-------+---------+---------+-------
        D:1 |      45 |       0 |   0.0 |      26 |       0 |   0.0
        D:2 |     125 |       0 |   0.0 |      37 |       0 |   0.0
        D:3 |     153 |       0 |   0.0 |      39 |       0 |   0.0
            +---------+---------+-------+---------+---------+-------
